 Dungeon Crawl Stone Soup version 0.30-a0-627-gc11e7ae810 (webtiles) character file.

Game seed: 11325357810882117979

125 Caratheodory the Insei (level 5, -4/35 HPs)
             Began as an Octopode Transmuter on Jan 12, 2023.
             Succumbed to Ijyb's poison
             ... on level 4 of the Dungeon.
             The game lasted 00:07:15 (1784 turns).

Caratheodory the Insei (Octopode Transmuter)        Turns: 1784, Time: 00:07:15

Health: -4/35      AC:  1    Str:  9    XL:     5   Next: 9%
Magic:  7/8        EV: 13    Int: 17    God:
Gold:   165        SH:  0    Dex: 13    Spells: 7/8 levels left

rFire   . . .      SeeInvis .      - Unarmed
rCold   . . .      Faith    .    (no shield)
rNeg    . . .      Spirit   .    (helmet currently unavailable)
rPois   .          Reflect  .    (no amulet)
rElec   .          Harm     .    (no ring)
rCorr   .          Rampage  .    (no ring)
Will    .....                    (no ring)
Stlth   ++                       (no ring)
HPRegen 0.25/turn                (no ring)
MPRegen 0.11/turn                (no ring)
                                 (no ring)
                                 (no ring)

@: lethally poisoned (-4 -> -36), appendages (expiring), flying
A: tentacle spike 3, almost no armour, amphibious, 8 rings, camouflage 1,
gelatinous body 1, (nimble swimmer 1), tentacles
a: End Transformation


You were on level 4 of the Dungeon.
One of your tentacles had grown a beastly spike.
You visited 1 branch of the dungeon, and saw 6 of its levels.

You collected 165 gold pieces.

Inventory:

Jewellery
 g - a ring of fire
Scrolls
 b - 2 scrolls of enchant armour {unknown}
 e - 3 scrolls of identify {unknown}
 h - a scroll of noise {unknown}
 i - a scroll of teleportation {unknown}
Potions
 a - a potion of lignification
 c - 2 potions of flight
 d - a potion of heal wounds {unknown}
 f - a potion of berserk rage {unknown}


   Skills:
 + Level 2.3 Fighting
 + Level 2.9 Dodging
 + Level 3.7 Unarmed Combat
 - Level 2.3 Spellcasting
 + Level 2.9 Transmutations


You had 7 spell levels left.
You knew the following spells:

 Your Spells              Type           Power      Damage    Failure   Level
a - Beastly Appendage     Tmut           22%        N/A       5%          1

Your spell library contained the following spells:

 Spells                   Type           Power      Damage    Failure   Level
 Wereblood                Tmut           11%        N/A       9%          2
 Spider Form              Tmut/Pois      6%         N/A       30%         3
 Ice Form                 Ice/Tmut       6%         N/A       71%         4


Dungeon Overview and Level Annotations

Branches:
Dungeon (6/15)
 Temple: D:4-7

Altars:
Makhleb

Shops:
D:2 [

Annotations:
D:3 Sigmund
D:4 Ijyb


Innate Abilities, Weirdness & Mutations

One of your tentacles has grown a beastly spike.
You cannot wear most types of armour.
You are amphibious.
You can wear up to eight rings at the same time.
Your skin changes colour to match your surroundings (Stealth+).
Your rubbery body absorbs attacks. (AC +1, EV +1)
((You are camouflaged when in or above water. (Stealth+)))
You have tentacles for arms and can constrict up to eight enemies at once.


Message History

You see here a +0 mace.
You enter the deep water.
Ijyb the Twisted Goblin comes into view.
She is wielding a +2 dagger of venom and carrying a wand of flame (11).
Casting: Beastly Appendage (safe; 5% risk of failure)
Confirm with . or Enter, or press ? or * to list all spells.
One of your tentacles grows a vicious spike.
You closely miss Ijyb. Your grab misses Ijyb.
You pierce Ijyb.
Ijyb is lightly wounded.
Ijyb completely misses you.
You tentacle-slap Ijyb but do no damage.
You grab Ijyb.
You pierce Ijyb, but do no damage.
You squeeze Ijyb!
Ijyb is heavily wounded.
You constrict Ijyb, but do no damage.
Ijyb zaps a wand.
The puff of flame hits you!
You tentacle-slap Ijyb but do no damage.
You pierce Ijyb, but do no damage.
Ijyb is heavily wounded.
Your transformation is almost over.
You constrict Ijyb, but do no damage.
Ijyb hits you with a +2 dagger of venom.
You are poisoned.
You tentacle-slap Ijyb but do no damage.
You pierce Ijyb.
Ijyb is severely wounded.
You constrict Ijyb, but do no damage.
You feel very sick.
Ijyb hits you with a +2 dagger of venom!
You are lethally poisoned!
You tentacle-slap Ijyb.
Ijyb is severely wounded.
You constrict Ijyb.
* * * LOW HITPOINT WARNING * * *
You feel very sick.
Ijyb hits you with a +2 dagger of venom.
* * * LOW HITPOINT WARNING * * *
You are more poisoned.
It was a potion of flight.
You feel very buoyant.
You fly up into the air.
You constrict Ijyb.
You die...

#.####
#.#.########.♣♣♣♣♣♣♣♣♣.#
.....#
#.#.##......♣..)......♣#
####.#
#.#.##.#####♣.≈≈≈≈≈≈≈.♣
#.###.#.# ♣≈..≈≈≈..≈♣
#.....#.# ♣≈.≈...≈.≈♣
#...)...# ♣≈.≈._.≈.≈♣
####.####### ####♣≈.≈...≈.≈♣
.....# #.g.♣≈..≈≈≈..≈♣
###.######### #@# ♣.≈≈≈≈≈≈≈.♣
#†........#.##.##♣.........♣#
#.#######(#.#...#.♣♣♣♣♣♣♣♣♣.#
#.#### #.#.................#
#....# #.###>..#############
####.# #.# ##.## #.# #.# #†#
#.# #.# #.# #.####.# #.#


You could see Ijyb.

Vanquished Creatures
  A necrophage (D:4)
  2 adders
  2 worms
  A dart slug (D:3)
  An orc (D:6)
  4 bats
  3 endoplasms
  3 giant cockroaches
  3 goblins
  3 hobgoblins
  4 jackals (D:2)
  A quokka (D:1)
  2 ball pythons
  A frilled lizard (D:1)
  6 kobolds
  2 rats
39 creatures vanquished.

Notes
Turn   | Place    | Note
-------+----------+-------------------------------------------
     0 | D:1      | Caratheodory the Octopode Transmuter began the quest for
                  | the Orb.
     0 | D:1      | Reached XP level 1. HP: 13/13 MP: 3/3
   173 | D:1      | Reached XP level 2. HP: 17/18 MP: 3/5
   818 | D:2      | Reached XP level 3. HP: 19/23 MP: 4/6
  1142 | D:2      | Found Ygeid's Antique Armour Shoppe.
  1341 | D:3      | Noticed Sigmund
  1459 | D:3      | You fall into a shaft and drop 3 floors!
  1470 | D:6      | Reached XP level 4. HP: 19/29 MP: 5/7
  1553 | D:6      | Noticed a sky beast
  1561 | D:5      | Entered Level 5 of the Dungeon
  1565 | D:5      | Noticed a scorpion
  1580 | D:4      | Found a burning altar of Makhleb.
  1583 | D:4      | Noticed a necrophage
  1597 | D:4      | Killed a necrophage
  1598 | D:4      | Reached XP level 5. HP: 34/34 MP: 6/8
  1777 | D:4      | Noticed Ijyb
  1784 | D:4      | Succumbed to Ijyb's poison

Illustrated notes

Levels and vault maps discovered:
D:1:      minmay_arrival_stone_box, layout_rooms, hangedman_glass_teeth
D:2:      layout_rooms, serial_shops, nicolae_shop_advertising_works
          [nicolae_subvault_shop_adworks], minmay_quantized
D:3:      layout_basic, nicolae_kikubaaqudgha_miasma_corner,
          chequers_decorated_corner, saegor_snake_ambush, uniq_sigmund
D:4:      layout_loops_ring, mainiacjoe_overflow_paths, uniq_ijyb
D:5:      layout_gridville, minivault_4, hangedman_feature_mirror,
          dk_noncrumbling_3, dreamdust_princess_corridor
D:6:      layout_rooms, ebering_ghost_sewer_f, grunt_potential

Skill      XL: |  1  2  3  4 |
---------------+-------------+-----
Fighting       | 2 |  2.3
Dodging        | |  2.9
Unarmed Combat | |  3.7
Spellcasting   | |  2.3
Transmutations | |  2.9

Action                   |  1- 3 |  4- 6 || total
-------------------------+-------+-------++-------
Melee: Unarmed           |    76 |    24 ||   100
       Kick              |    23 |     8 ||    31
       Constrict         |    18 |     4 ||    22
       Tentacles         |     8 |     3 ||    11
       Punch             |     2 |       ||     2
 Cast: Beastly Appendage |    27 |     6 ||    33
  Use: Potion            |       |     1 ||     1
 Stab: Sleeping          |     3 |     2 ||     5
Armor: Skin              |     5 |       ||     5
Dodge: Dodged            |    38 |     9 ||    47

Table legend: (Time is in decaauts)
 A = Elapsed time spent in this place.
 B = Non-inter-level travel time spent in this place.
 C = Inter-level travel time spent in this place.
 D = Time resting spent in this place.
 E = Time spent auto-exploring this place.
 F = Levels seen in this place.
 G = Mean time per level.
                   A        B        C        D        E       F      G
               +--------+--------+--------+--------+--------+-----+--------+
         Total |   1776 |   1669 |    107 |      0 |   1271 |   6 |  296.0 |
       Dungeon |   1776 |   1669 |    107 |      0 |   1271 |   6 |  296.0 |
               +--------+--------+--------+--------+--------+-----+--------+

Top non-repeatable levels by time:
     D:2: 701 daAuts
     D:1: 606 daAuts
     D:4: 205 daAuts
     D:3: 146 daAuts
     D:6: 101 daAuts
     D:5: 15 daAuts
